 Dungeon Crawl Stone Soup version 0.28-a0-247-gb8bfbab023 (webtiles) character file.

Game seed: 1892149751713990590

155 bande the Shield-Bearer (level 5, 0/33 HPs)
             Began as a Gargoyle Fighter on Aug 26, 2021.
             Slain by Sigmund (6 damage)
             ... on level 3 of the Dungeon.
             The game lasted 00:04:22 (2161 turns).

bande the Shield-Bearer (Gargoyle Fighter)          Turns: 2161, Time: 00:04:23

Health: 0/33       AC: 13    Str: 18 (20) XL:     5   Next: 37%
Magic:  5/5        EV:  5    Int:  6 (8)  God:
Gold:   65         SH:  8    Dex:  9 (10) Spells: 4/4 levels left

rFire   . . .      SeeInvis .   a - +0 war axe
rCold   . . .      Faith    .   c - +0 kite shield
rNeg    + . .      Spirit   .   i - +0 chain mail
rPois   ∞          Reflect  .   (no helmet)
rElec   +          Harm     .   (no cloak)
rCorr   .          Rampage  .   (no gloves)
Will    .....                   (no boots)
Stlth   ..........              (no amulet)
HPRegen 0.11/turn               (no ring)
MPRegen 0.09/turn               (no ring)

@: mighty
A: sickness immunity, AC +4, negative energy resistance 1, electricity
resistance, torment resistance 1, petrification resistance
a: no special abilities


You were on level 3 of the Dungeon.
You visited 1 branch of the dungeon, and saw 3 of its levels.

You collected 65 gold pieces.

Inventory:

Hand Weapons
 a - a +0 war axe (weapon)
 g - a +0 flail
Armour
 c - a +0 kite shield (worn)
 i - a +0 chain mail (worn)
Potions
 e - 2 potions of resistance
 f - a potion of curing


   Skills:
 + Level 4.1 Fighting
 + Level 3.2 Axes
 + Level 4.1 Armour
 + Level 0.1 Dodging
 + Level 4.2 Shields


You had 4 spell levels left.
You didn't know any spells.
Your spell library contained the following spells:

 Spells                   Type           Power      Damage    Failure   Level
 Magic Dart               Conj           0%         1d3       100%        1
 Call Imp                 Summ           0%         N/A       100%        2
 Mephitic Cloud           Conj/Pois/Air  0%         N/A       100%        3


Dungeon Overview and Level Annotations

Branches:
Dungeon (3/15)

Altars:
Wu Jian

Shops:
D:1 *

Annotations:
D:3 Sigmund


Innate Abilities, Weirdness & Mutations

You are immune to sickness and miasma.
Your stone body is resilient. (AC +4)
You are immune to poison.
You resist negative energy. (rN+)
You are resistant to electric shocks. (rElec)
You are resistant to unholy torment.
You are immune to petrification.


Message History

A giant cockroach comes into view.
The giant cockroach moves out of view.
The giant cockroach bites you but does no damage.
Your chain mail prevents you from hitting the giant cockroach.
The giant cockroach bites you but does no damage. x2
You slash the giant cockroach!
You kill the giant cockroach!
No target in view!
No target in view!
No target in view!
No target in view!
No target in view!
Sigmund the Dreaded comes into view.
He is wielding a +0 scythe.
Found a stone staircase leading down.
Sigmund shouts!
You feel very mighty all of a sudden.
Sigmund hits you from afar with a +0 scythe.
You slash Sigmund!
Sigmund is moderately wounded.
Sigmund casts a spell at you.
You are confused.
Sigmund hits you but does no damage.
You completely miss Sigmund.
Sigmund is moderately wounded.
Sigmund hits you but does no damage. Sigmund hits you but does no damage.
Sigmund casts a spell.
Sigmund flickers and vanishes!
Deactivating autopickup; reactivate with Ctrl-A.
You hear some strange, mumbled words.
A puff of flame appears from out of thin air!
The puff of flame hits you!
You feel less confused. Something hits you!
You closely miss something. Something hits you.
You miss something. Something hits you but does no damage.
You miss something. Something hits you.
* * * LOW HITPOINT WARNING * * *
You closely miss something. Something hits you.
You die...

#..?.... #.......
#....... #.......
###########.......
#.................
#................. ###.
#................. ....
#@.............###
..... #..............#
..... #..............#
......#..............#
......#..............#
.....>...............#
....###..............##
.. #...####.........<#
#.### ####.#####..#


There were no monsters in sight!

Vanquished Creatures
  Jessica (D:2)
  Terence (D:2)
  4 gnolls (D:2)
  2 adders (D:2)
  A worm (D:2)
  An orc (D:2)
  3 bats (D:2)
  4 endoplasms
  3 giant cockroaches
  5 hobgoblins
  6 jackals (D:1)
  5 ball pythons
  3 frilled lizards
  3 goblins
  2 kobolds
44 creatures vanquished.

Notes
Turn   | Place    | Note
-------+----------+-------------------------------------------
     0 | D:1      | bande the Gargoyle Fighter began the quest for the Orb.
     0 | D:1      | Reached XP level 1. HP: 14/14 MP: 1/1
    36 | D:1      | Found Bimivah's General Store.
   155 | D:1      | Reached XP level 2. HP: 19/19 MP: 2/2
   723 | D:2      | Noticed Jessica
   727 | D:2      | Killed Jessica
   728 | D:2      | Reached XP level 3. HP: 14/24 MP: 3/3
  1013 | D:2      | Reached XP level 4. HP: 22/29 MP: 4/4
  1403 | D:2      | Found a faded altar of an unknown god.
  1425 | D:2      | Noticed Terence
  1436 | D:2      | Reached XP level 5. HP: 27/33 MP: 5/5
  1456 | D:2      | Killed Terence
  1752 | D:2      | Found an ornate altar of the Wu Jian Council.
  2145 | D:3      | Noticed Sigmund
  2161 | D:3      | Slain by Sigmund

Illustrated notes

Levels and vault maps discovered:
D:1:      psy_arrival_dodecagon, layout_rooms, serial_shops, shop,
          minmay_misc_feat_pillars
D:2:      layout_basic, serial_aquarium, aquarium_bridge_square
          [aquarium_subvault_bridge, aquarium_subvault_window,
          aquarium_subvault_wall, aquarium_subvault_window],
          aquarium_window_fake, aquarium_window_1, aquarium_view_2e,
          aquarium_view_2d, aquarium_pool_four, basic_altar,
          shapermc_ecumenical_altar_totnotflames, uniq_jessica, uniq_terence
D:3:      layout_basic, regret_index_temple_of_mockery, saegor_snake_ambush,
          uniq_sigmund

Skill      XL: |  1  2  3  4 |
---------------+-------------+-----
Axes           | 2 3 |  3.2
Fighting       | 4 |  4.1
Shields        | 4 |  4.2
Armour         | 4 |  4.1
Dodging        | |  0.1

Action                   |  1- 3 |  4- 6 || total
-------------------------+-------+-------++-------
Melee: War axe           |    71 |    89 ||   160
  Use: Scroll            |     2 |     3 ||     5
       Potion            |     6 |     4 ||    10
Armor: Scale mail        |    31 |       ||    31
       Chain mail        |    26 |    72 ||    98
Dodge: Dodged            |    18 |    21 ||    39
Block: Kite shield       |    38 |    54 ||    92

Table legend: (Time is in decaauts)
 A = Elapsed time spent in this place.
 B = Non-inter-level travel time spent in this place.
 C = Inter-level travel time spent in this place.
 D = Time resting spent in this place.
 E = Time spent auto-exploring this place.
 F = Levels seen in this place.
 G = Mean time per level.
                   A        B        C        D        E       F      G
               +--------+--------+--------+--------+--------+-----+--------+
         Total |   2264 |   2264 |      0 |    504 |   1214 |   3 |  754.7 |
       Dungeon |   2264 |   2264 |      0 |    504 |   1214 |   3 |  754.7 |
               +--------+--------+--------+--------+--------+-----+--------+

Top non-repeatable levels by time:
     D:2: 1437 daAuts
     D:1: 747 daAuts
     D:3: 79 daAuts
